 Dungeon Crawl Stone Soup version 0.28.0 (webtiles) character file.

Game seed: 10531165632244325306

11 Angani the Sneak (level 2, -2/24 (26) HPs)
             Began as a Draconian Delver on Feb 14, 2022.
             Slain by a necrophage (7 damage)
             ... on level 4 of the Dungeon.
             The game lasted 00:01:52 (459 turns).

Angani the Sneak (Draconian Delver)                  Turns: 459, Time: 00:01:52

HP:   -2/24 (26)    AC:  4    Str: 14    XL:     2   Next: 13%
MP:   2/2           EV: 12    Int: 10    God:
Gold: 0             SH:  0    Dex: 12    Spells: 1/1 levels left

rFire   . . .      SeeInvis .   a - +0 spear
rCold   . . .      Faith    +   (no shield)
rNeg    . . .      Spirit   .   (armour unavailable)
rPois   .          Reflect  .   (helmet restricted)
rElec   .          Harm     .   (no cloak)
rCorr   .          Rampage  .   (no gloves)
Will    .....                   (no boots)
Stlth   +++.......              g - amulet of faith
HPRegen 0.08/turn               (no ring)
MPRegen 0.08/turn               (no ring)

@: hasted, drained, very quick
A: AC +4, unfitting armour, cold-blooded
a: no special abilities


You were on level 4 of the Dungeon.
You visited 1 branch of the dungeon, and saw 3 of its levels.

Inventory:

Hand Weapons
 a - a +0 spear (weapon)
Jewellery
 g - an amulet of faith (around neck)
Wands
 f - a wand of digging (3)
Scrolls
 b - a scroll of fog
 c - a scroll of magic mapping
 d - a scroll of fear


   Skills:
 + Level 3.6 Fighting
 + Level 2.4 Polearms
 - Level 1.8 Dodging
 - Level 4.5 Stealth


You had one spell level left.
You didn't know any spells.
Your spell library contained the following spells:

 Spells                   Type           Power      Damage    Failure   Level
 Sublimation of Blood     Necr           0%         N/A       50%         2
 Wereblood                Tmut           0%         N/A       50%         2
 Summon Hydra             Summ           0%         N/A       100%        7


Dungeon Overview and Level Annotations

Branches:
Dungeon (5/15)
 Temple: D:4-7

Altars:

Annotations:
D:4 3 runed translucent doors, Ajdolov's ghost, amateur OpEE; Camille's ghost, novice DECj; Edmund; Skimidon's ghost, amateur GnWr; p0werm0de's ghost, weakling OpDe
D:5 Prince Ribbit


Innate Abilities, Weirdness & Mutations

Your plain brown scales are hard. (AC +4)
You cannot fit into any form of body armour.
You are cold-blooded and may be slowed by cold attacks.


Message History

You hit the necrophage but do no damage.
The necrophage is moderately damaged.
The necrophage hits you.
You closely miss the necrophage.
The necrophage is moderately damaged.
The necrophage hits you.
You feel drained.
You are too injured to fight recklessly!
You are too injured to fight recklessly!
You are too injured to fight recklessly!
You hit the necrophage but do no damage.
The necrophage is moderately damaged.
You hit the necrophage. You tail-slap the necrophage.
The necrophage is heavily damaged.
The necrophage hits you.
You feel drained.
You hit the necrophage.
The necrophage is heavily damaged.
The necrophage barely misses you.
You completely miss the necrophage. You tail-slap the necrophage.
The necrophage is heavily damaged.
You closely miss the necrophage.
The necrophage is heavily damaged.
The necrophage hits you.
You barely miss the necrophage.
Your tail-slap misses the necrophage.
The necrophage is heavily damaged.
You hit the necrophage. You tail-slap the necrophage.
The necrophage is almost destroyed.
The necrophage closely misses you.
You barely miss the necrophage.
The necrophage is almost destroyed.
The necrophage hits you.
* * * LOW HITPOINT WARNING * * *
You closely miss the necrophage.
The necrophage is almost destroyed.
The necrophage hits you but does no damage.
You closely miss the necrophage.
The necrophage is almost destroyed.
You hit the necrophage.
The necrophage is almost destroyed.
The necrophage hits you!
You die...

# ....## .... .....#
...... ...#..#
.[...# .......###
......
#.#.##.).###......
#.#.....>..#......
#n###..(#...## @#
###@#####.##...###.#
#..................#
#..........#.#.###.#
#..........#.#......
#................†..
#..........#..##.###
#..........##)####(8
#................#..
#..........####..#..


You could see a necrophage.

Vanquished Creatures
  2 orcs (D:4)
  2 giant cockroaches (D:4)
  A goblin (D:4)
  2 hobgoblins (D:4)
7 creatures vanquished.

Notes
Turn   | Place    | Note
-------+----------+-------------------------------------------
     0 | D:5      | Angani the Draconian Delver began the quest for the Orb.
     0 | D:5      | Reached XP level 1. HP: 19/19 MP: 1/1
     2 | D:5      | Noticed Prince Ribbit
    16 | D:4      | Noticed Edmund
    25 | D:4      | Found a runed translucent gate.
    25 | D:4      | Found a runed translucent gate.
    26 | D:4      | Found a runed translucent gate.
    26 | D:4      | Noticed p0werm0de's ghost (weakling OpDe)
    26 | D:4      | Noticed Skimidon's ghost (amateur GnWr)
    27 | D:4      | Noticed Ajdolov's ghost (amateur OpEE)
    27 | D:4      | Noticed Camille's ghost (novice DECj)
   101 | D:4      | Reached XP level 2. HP: 15/26 MP: 2/2
   416 | D:3      | Noticed an ogre
   438 | D:4      | Noticed a necrophage
   459 | D:4      | Slain by a necrophage

Illustrated notes

Levels and vault maps discovered:
D:3:      layout_loops_cross, mainiacjoe_overflow_paths, lightli_temple_of_fire,
          minmay_splitting_lines, uniq_natasha
D:4:      layout_rooms, nemelex_diamond_rough_becter,
          mainiacjoe_overflow_brackets, lemuel_coloured_pillars_altar,
          lemuel_temple_firewalk_a, gammafunk_ghost_cemetery,
          uniq_blork_the_orc, uniq_edmund
D:5:      layout_rooms, mainiacjoe_overflow_cross_hatched, uniq_prince_ribbit1

Action                   || total
-------------------------++-------
Melee: Spear             ||    42
       Tailslap          ||     7
  Use: Potion            ||     2
       Scroll            ||     1
 Stab: Distracted        ||     1
       Sleeping          ||     1
Armor: Skin              ||     6
Dodge: Dodged            ||    10
